 Dungeon Crawl Stone Soup version 0.27-a0-522-g46bbb28828 (webtiles) character file.

Game seed: 4201716991434517856

41 Frqise the Vexing (level 3, -8/27 HPs)
             Began as a Formicid Arcane Marksman on Mar 5, 2021.
             Mangled by a worm (9 damage)
             ... on level 2 of the Dungeon.
             The game lasted 00:07:07 (1825 turns).

Frqise the Vexing (Formicid Arcane Marksman)        Turns: 1825, Time: 00:07:07

Health: -8/27      AC:  4    Str: 14    XL:     3   Next: 75%
Magic:  4/4        EV: 12    Int: 12    God:
Gold:   34         SH:  0    Dex: 12    Spells: 0/4 levels left

rFire    . . .     SeeInvis +   a - +0 hunting sling
rCold    . . .     Faith    .   (no shield)
rNeg     . . .     Spirit   .   e - +0 robe
rPois    .         Reflect  .   (helmet unavailable)
rElec    .         Harm     .   k - +1 cloak
rCorr    .         Rampage  .   (no gloves)
Will     .....                  (no boots)
Stlth    +.........             (no amulet)
HPRegen  0.09/turn              (no ring)
MPRegen  0.09/turn              (no ring)

@: lethally poisoned (-8 -> -12)
A: permanent stasis, dig shafts and tunnels, antennae 3, four strong arms
a: Dig, Shaft Self


You were on level 2 of the Dungeon.
You visited 1 branch of the dungeon, and saw 2 of its levels.

You collected 34 gold pieces.

Inventory:

Hand Weapons
 a - a +0 hunting sling (weapon)
Missiles
 b - 21 stones (quivered ammo)
Armour
 e - a +0 robe (worn)
 k - a +1 cloak (worn)
Scrolls
 g - a scroll of teleportation {unknown}
Potions
 c - a potion of lignification {unknown}
 f - a potion of mutation {unknown}
 h - a potion of heal wounds {unknown}
 i - a potion of cancellation {unknown}
 j - a potion of haste {unknown}


   Skills:
 + Level 1.8 Fighting
 + Level 3.2 Slings
 + Level 1.9 Dodging
 + Level 0.1 Stealth
 + Level 1.1 Spellcasting
 + Level 4.1 Hexes


You couldn't memorise any spells.
You knew the following spells:

 Your Spells              Type           Power        Failure   Level
a - Corona                Hex            11%          5%          1
b - Portal Projectile     Hex/Tloc       10%          36%         3

Your spell library contained the following spells:

 Spells                   Type           Power        Failure   Level
 Slow                     Hex            10%          9%          2
 Inner Flame              Hex/Fire       5%           36%         3
 Cause Fear               Hex            5%           47%         4
 Leda's Liquefaction      Hex/Erth       2%           77%         4


Dungeon Overview and Level Annotations

Branches:
Dungeon (2/15)

Altars:


Innate Abilities, Weirdness & Mutations

You cannot be hasted, slowed, berserked, paralysed or teleported.
You can dig through walls and to a lower floor.
You have a pair of large antennae on your head. (SInv)
Your four strong arms can wield two-handed weapons with a shield.


Message History

You shoot a stone.
The stone hits the worm but does no damage.
The worm barely misses you.
Fire: 25 stones
Press: ? - help, Q - select action, (/) - cycle Shift-Dir - straight line, f/p - worm
Aim: a worm (77% to hit)
You shoot a stone. The stone hits the worm.
The worm is moderately wounded.
* * * LOW HITPOINT WARNING * * *
You feel sick.
Fire: 24 stones
Press: ? - help, Q - select action, (/) - cycle Shift-Dir - straight line, f/p - worm
Aim: a worm (moderately wounded, 77% to hit)
You shoot a stone. The stone hits the worm.
The worm is moderately wounded.
The worm closely misses you.
Fire: 23 stones
Press: ? - help, Q - select action, (/) - cycle Shift-Dir - straight line, f/p - worm
Aim: a worm (moderately wounded, 77% to hit)
You shoot a stone. The stone hits the worm.
The worm is heavily wounded.
* * * LOW HITPOINT WARNING * * *
You feel sick.
A jackal comes into view.
The worm barely misses you.
Fire: 22 stones
Press: ? - help, Q - select action, (/) - cycle Shift-Dir - straight line, f/p - worm
Aim: a worm (heavily wounded, 77% to hit)
You shoot a stone. The stone hits the worm.
The worm is severely wounded.
Fire: 21 stones
Press: ? - help, Q - select action, (/) - cycle Shift-Dir - straight line, f/p - worm
Aim: a worm (severely wounded, 77% to hit)
Okay, then.
You extend your mandibles.
You dig through the rock wall.
* * * LOW HITPOINT WARNING * * *
You feel sick.
You dig through the rock wall.
The worm bites you!
You die...

... ## ...# #. (....# .
#. #..... .(.. #.
....#.### ##.†#. #.
....(...# #..... #.
#(..h.!##...)# #.
#...(..@#....# #.
#....(w...#..# #.
#....(....#..# #.
#........##..# #.
#...(.....##..# ##.
#.###.........#########..
. #..#...............#.#
.........#..........#.#
##........#............#


You could see a worm and a jackal.

Vanquished Creatures
  An adder (D:2)
  2 dart slugs
  A leopard gecko (D:1)
  2 giant cockroaches (D:1)
  3 goblins (D:1)
  A hobgoblin (D:1)
  2 jackals (D:1)
  4 kobolds
  4 bats (D:1)
  A frilled lizard (D:1)
  6 rats
27 creatures vanquished.

Notes
Turn   | Place    | Note
-------+----------+-------------------------------------------
     0 | D:1      | Frqise the Formicid Arcane Marksman began the quest for the
                  | Orb.
     0 | D:1      | Reached XP level 1. HP: 15/15 MP: 2/2
   504 | D:1      | Reached XP level 2. HP: 11/21 MP: 3/3
   717 | D:1      | Reached skill level 4 in Hexes
  1230 | D:1      | Reached XP level 3. HP: 26/27 MP: 4/4
  1534 | D:1      | Learned a level 3 spell: Portal Projectile
  1822 | D:2      | HP: 1/27 [poisoned by an adder]
  1825 | D:2      | Mangled by a worm

Illustrated notes

Levels and vault maps discovered:
D:1:      minmay_arrival_loop, layout_loops_corners
D:2:      layout_rooms, bloody_makhleb

Skill      XL: |  1  2  3 |
---------------+----------+-----
Hexes          | 4 |  4.1
Slings         | 3 |  3.2
Fighting       | |  1.8
Dodging        | |  1.9
Stealth        | |  0.1
Spellcasting   | |  1.1

Action                   || total
-------------------------++-------
 Fire: Hunting sling     ||   118
 Cast: Portal Projectile ||     1
 Abil: Dig               ||     1
Armor: Robe              ||    10
Dodge: Dodged            ||    59

Table legend: (Time is in decaauts)
 A = Elapsed time spent in this place.
 B = Non-inter-level travel time spent in this place.
 C = Inter-level travel time spent in this place.
 D = Time resting spent in this place.
 E = Time spent auto-exploring this place.
 F = Levels seen in this place.
 G = Mean time per level.
                   A        B        C        D        E       F      G
               +--------+--------+--------+--------+--------+-----+--------+
         Total |   1833 |   1833 |      0 |    521 |    965 |   2 |  916.5 |
       Dungeon |   1833 |   1833 |      0 |    521 |    965 |   2 |  916.5 |
               +--------+--------+--------+--------+--------+-----+--------+

Top non-repeatable levels by time:
     D:1: 1648 daAuts
     D:2: 185 daAuts
